 Dungeon Crawl Stone Soup version 0.18.1-50-g88ac8fd (webtiles) character file.

627 ololoev the Thaumaturge (level 7, 0/36 HPs)
             Began as a Deep Elf Earth Elementalist on Dec 6, 2016.
             Slain by a centaur (1 damage)
             ... on level 5 of the Dungeon.
             The game lasted 00:11:27 (1228 turns).

ololoev the Thaumaturge (DEEE)                      Turns: 1228, Time: 00:11:28

Health: 0/36       AC:  3    Str:  5    XL:     7   Next: 23%
Magic:  7/20       EV: 13    Int: 22    God:
Gold:   154        SH:  0    Dex: 15    Spells: 5 memorised, 7 levels left

rFire  + . .     SeeInvis .     m - +4 dagger of the Last Gods {pierce, rElec}
rCold  x . .     Gourm    .     r - +0 robe
rNeg   . . .     Faith    .     (no shield)
rPois  .         Spirit   .     (no helmet)
rElec  +         Dismiss  .     (no cloak)
rCorr  .         Reflect  .     b - +0 pair of gloves
SustAt .         Harm     .     (no boots)
MR     .....                    (no amulet)
Stlth  ++........               (no ring)
                                h - ring of fire

@: flying, very slightly contaminated, not resistant to hostile enchantments,
unstealthy
A: no striking features
a: no special abilities

Inventory:

Hand Weapons
 a - a +2 short sword of venom
 m - the +4 dagger of the Last Gods (weapon) {pierce, rElec}
   (You found it on level 4 of the Dungeon)

   It inflicts extra damage upon your enemies.
   It insulates you from electricity.
 q - a +0 blowgun
Armour
 b - a +0 pair of gloves (worn)
 r - a +0 robe (worn)
 u - a +2 buckler
Jewellery
 h - a ring of fire (left hand)
Scrolls
 e - a scroll of random uselessness {unknown}
 g - 5 scrolls of identify {unknown}
 j - a scroll of teleportation {unknown}
 k - 4 scrolls of remove curse {unknown}
Potions
 f - 5 potions of flight
 i - 2 potions of agility {unknown}
 l - a potion of invisibility {unknown}
 o - 2 potions of might {unknown}
 p - 7 potions of curing
 s - a potion of brilliance {unknown}
 t - 3 potions of heal wounds {unknown}
Books
 c - a book of Geomancy

   Spells                             Type                      Level
   a - Sandblast                      Earth                        1
   b - Passwall                       Transmutation/Earth          2
   c - Stone Arrow                    Conjuration/Earth            3
   d - Petrify                        Transmutation/Earth          4
   e - Lee's Rapid Deconstruction     Earth                        5
Comestibles
 d - 5 bread rations
 v - 3 fruits


   Skills:
 - Level 2.4 Dodging
 - Level 2.4 Stealth
 * Level 0.8 Shields
 * Level 8.3 Spellcasting
 * Level 2.1 Conjurations
 - Level 1.1 Transmutations
 + Level 5.7 Earth Magic


You had 7 spell levels left.
You knew the following spells:

 Your Spells              Type           Power        Failure   Level  Hunger
a - Sandblast             Erth           ####..       1%          1    None
b - Stone Arrow           Conj/Erth      ####..       4%          3    None
c - Lee's Rapid Deconstr  Erth           ####......   21%         5    #####..
d - Petrify               Trmt/Erth      ###.....     17%         4    ###....
w - Passwall              Trmt/Erth      ###.......   2%          2    None


You were on level 5 of the Dungeon.
You were not hungry.

You visited 1 branch of the dungeon, and saw 6 of its levels.
You also visited: Sewer.

You collected 154 gold pieces.

#............# #.$.
#....##...##.# ### #...
#....##...##.####.## #....
#..............#.... #....
#..............'.... #....
#....)........#....
##....##.............##...
#......#c.Z..........#####
#......'.@................
#......#.....≈............
#......#....≈≈≈≈..........
#......#...≈._≈..#..######
#......#....≈.≈.#######...
##....##......≈.# #.....
#.... #....##.## #.....
.)... ........# ##.....
h...# ### #....##

Notes
Turn   | Place    | Note
--------------------------------------------------------------
     0 | D:1      | ololoev the Deep Elf Earth Elementalist began the quest for the Orb.
     0 | D:1      | Reached XP level 1. HP: 10/10 MP: 6/6
   189 | D:2      | Reached XP level 2. HP: 15/15 MP: 4/8
   228 | D:4      | Noticed an ogre
   234 | D:4      | Killed an ogre
   234 | D:4      | Reached skill level 5 in Spellcasting
   234 | D:4      | Reached XP level 3. HP: 19/19 MP: 1/11
   234 | D:4      | Reached XP level 4. HP: 24/24 MP: 1/13
   238 | D:4      | Learned a level 2 spell: Passwall
   242 | D:4      | Learned a level 3 spell: Stone Arrow
   412 | D:4      | Reached XP level 5. HP: 28/28 MP: 9/15
   416 | D:4      | Reached skill level 6 in Spellcasting
   452 | D:4      | Got a jewelled dagger
   499 | D:4      | Reached skill level 5 in Earth Magic
   527 | D:4      | Reached skill level 7 in Spellcasting
   527 | D:4      | Reached XP level 6. HP: 25/32 MP: 12/18
   534 | D:4      | Learned a level 5 spell: Lee's Rapid Deconstruction
   539 | D:4      | Learned a level 4 spell: Petrify
   591 | D:4      | Found a glowing drain.
   650 | Sewer    | Entered a sewer
   899 | D:4      | Identified the Collected Works on Combat Magic
   917 | D:4      | Found Houcucau's Book Boutique.
  1016 | D:4      | Reached skill level 1 in Conjurations
  1042 | D:5      | Entered Level 5 of the Dungeon
  1045 | D:5      | Reached skill level 8 in Spellcasting
  1139 | D:5      | Reached XP level 7. HP: 20/36 MP: 11/20
  1182 | D:5      | Found a blossoming altar of Fedhas.
  1215 | D:5      | Identified the +4 dagger of the Last Gods {pierce, rElec} (You found it on level 4 of the Dungeon)
  1228 | D:5      | HP: 1/36 [hound skeleton (2)]
  1228 | D:5      | Slain by a centaur

Dungeon Overview and Level Annotations

Branches:
Dungeon (6/15)
 Temple: D:4-7

Altars:
Fedhas

Shops:
D:4 :


Message History

A centaur comes into view.
Found a whip and 21 gold pieces.
There is an open door here.
As you close the door, it creaks loudly!
The hound barks!
Casting: Stone Arrow
Confirm with . or Enter, or press ? or * to list all spells.
Aiming: Stone Arrow
Press: ? - help, Shift-Dir - straight line, f - hound
Aim: a hound The stone arrow misses the hound.
Casting: Stone Arrow
Confirm with . or Enter, or press ? or * to list all spells.
Aiming: Stone Arrow
Press: ? - help, Shift-Dir - straight line, f/p - hound
Aim: a hound You miscast Stone Arrow.
You are showered with tiny particles of grit.
The hound completely misses you.
Casting: Stone Arrow
Confirm with . or Enter, or press ? or * to list all spells.
Aiming: Stone Arrow
Press: ? - help, Shift-Dir - straight line, f/p - hound
Aim: a hound The stone arrow hits the hound.
The hound is severely wounded.
The hound barely misses you.
A centaur opens the door.
A hound skeleton comes into view.
The hound bites you. The hound barely misses you.
Drink which item? (? for menu, Esc to quit)
Okay, then.
Wield which item (- for none, * to show all)? (? for menu, Esc to quit)
m - the +4 dagger of the Last Gods (weapon)
{pierce, rElec} You hit the hound.
You kill the hound!
The centaur barely misses you. The centaur hits you.
You puncture the centaur!
The centaur is moderately wounded.
The centaur closely misses you.
You hit the centaur.
The centaur is heavily wounded.
The centaur hits you. The centaur misses you.
You barely miss the centaur.
The centaur is heavily wounded.
The centaur hits you.
You hit the centaur but do no damage.
The centaur is heavily wounded.
The centaur closely misses you. The hound skeleton misses you.
The centaur hits you! The hound skeleton bites you.
Drink which item? (? for menu, Esc to quit)
It was a potion of flight.
You feel very buoyant.
You fly up into the air.
The centaur closely misses you. The hound skeleton barely misses you.
Drink which item? (? for menu, Esc to quit)
It was a potion of curing.
You feel better. The centaur hits you.
The hound skeleton bites you but does no damage.
The centaur hits you but does no damage.
Drink which item? (? for menu, Esc to quit)
You feel better.
The hound skeleton completely misses you.
The centaur closely misses you.
The hound skeleton bites you but does no damage.
You barely miss the centaur.
The centaur is heavily wounded.
The centaur barely misses you. The hound skeleton closely misses you.
The centaur closely misses you.
You hit the centaur but do no damage.
The centaur is heavily wounded.
The hound skeleton barely misses you. The centaur misses you.
You hit the centaur.
The centaur is almost dead.
The centaur barely misses you. The hound skeleton closely misses you.
The centaur hits you! The hound skeleton barely misses you.
Drink which item? (? for menu, Esc to quit)
You feel better. The centaur hits you! The hound skeleton barely misses you.
You barely miss the centaur.
The centaur is almost dead.
The centaur hits you. The hound skeleton bites you. The centaur hits you.
You die...

You could see a centaur and a hound skeleton.

Vanquished Creatures
  An ogre (D:4)
  A big kobold (Sewer)
  A scorpion (D:4)
  A howler monkey (D:4)
  A crimson imp (D:5)
  2 hounds (D:5)
  A giant frog skeleton (D:5)
  An orc priest (D:4)
  A jelly (D:5)
  A centaur skeleton (D:4)
  An orc wizard (D:4)
  A worker ant (D:4)
  An adder (D:4)
  4 gnolls (D:4)
  3 oozes
  16 orcs
  7 giant cockroaches
  A hobgoblin (D:3)
  13 kobolds (Sewer)
  A quokka (D:5)
  4 ball pythons
  5 bats
  5 giant newts
  A goblin (D:2)
  3 rats
77 creatures vanquished.

Action                   |  1- 3 |  4- 6 |  7- 9 || total
-------------------------+-------+-------+-------++-------
Melee: Dagger            |       |       |     9 ||     9
 Cast: Sandblast         |    18 |    98 |     5 ||   121
       Stone Arrow       |       |       |     3 ||     3
  Use: Potion            |       |       |     4 ||     4
  Eat: Chunk             |       |     1 |       ||     1
Armor: Robe              |     1 |     4 |     3 ||     8
Dodge: Dodged            |     4 |    21 |    21 ||    46

Vault maps used:
D:1:      sevenhm_arrival_forest_fort_large_2, serial_curves, eino_curves_01,
          eino_curves_02, eino_curves_03, minivault_26, corner_web_ring,
          minmay_misc_feat_roman
D:2:      marbit_many_paths
D:3:      overflow_temple_1_default
D:4:      serial_shops, shop, gup_sewer_entry_glass, first_bread
D:5:      fedhas_altar_2
D:6:      lemuel_coloured_pillars_altar, bloody_trog, basic_altar,
          uniq_blork_the_orc
Sewer:    kennysheep_pipe_town
